 Dungeon Crawl Stone Soup version 0.27.0-1-g7a08968 (webtiles) character file.

Game seed: 3505879684235620198

234586 alexhoolio the Tortoise (level 18, -17/140 HPs)
             Began as a Minotaur Fighter on Nov 30, 2021.
             Was the Champion of the Shining One.
             Killed from afar by a deep elf annihilator (60 damage)
             ... with a crystal spear
             ... on level 3 of the Elven Halls.
             The game lasted 02:42:21 (25824 turns).

alexhoolio the Tortoise (Minotaur Fighter)         Turns: 25824, Time: 02:42:22

Health: -17/140    AC: 25    Str: 29    XL:     18   Next: 88%
Magic:  25/30      EV: 10    Int:  6    God:    the Shining One [******]
Gold:   637        SH: 42    Dex: 10    Spells: 17/17 levels left

rFire    . . .     SeeInvis .   D - +6 broad axe (holy)
rCold    . . .     Faith    .   X - +10 tower shield of Ignorance {rN+ Int-4}
rNeg     + + +     Spirit   .   P - +0 plate armour of the Teacher {Rampage Int+5}
rPois    .         Reflect  .   (helmet restricted)
rElec    .         Harm     .   B - +0 cloak
rCorr    .         Rampage  +   m - +0 pair of gloves
Will     +++..                  f - +1 pair of boots
Stlth    ..........             h - amulet of regeneration
HPRegen  1.33/turn              V - ring of Muewk {Will+ MP+9}
MPRegen  0.22/turn              w - ring of willpower

@: mighty, divinely shielded, glowing
A: horns 2, retaliatory headbutt, frail 2, low mp 1, wild magic 1
}: 1/15 runes: gossamer
a: Renounce Religion, Divine Shield, Cleansing Flame, Summon Divine Warrior


You were on level 3 of the Elven Halls.
You worshipped the Shining One.
The Shining One was exalted by your worship.
You visited 5 branches of the dungeon, and saw 30 of its levels.
You also visited: Ice Cave.

You collected 2978 gold pieces.
You spent 2341 gold pieces at shops.

Inventory:

Hand Weapons
 x - the +6 shillelagh "Devastator" {shatter}
   (You found it on level 5 of the Dungeon)

   It releases a powerful concussive burst when it strikes, dealing extra damage
   to the target and all other foes adjacent to them.
 D - a +6 broad axe of holy wrath (weapon)
 Z - the +11 war axe "Paukaiho" {venom, rN+ Dex+3}
   (You found it on level 1 of the Spider Nest)

   It poisons the flesh of those it strikes.
   Dex:       It affects your dexterity (+3).
   rN:        It protects you from negative energy.
Missiles
 n - 10 javelins
 o - 4 throwing nets (quivered)
Armour
 f - a +1 pair of boots (worn)
 m - a +0 pair of gloves (worn)
 B - a +0 cloak (worn)
 P - the +0 plate armour of the Teacher (worn) {Rampage Int+5}
   (You bought it in a shop on level 2 of the Orcish Mines)

   Int:       It affects your intelligence (+5).
   Rampage:   It bestows one free step when moving towards enemies.
 T - a +3 plate armour of cold resistance
 X - the +10 tower shield of Ignorance (worn) {rN+ Int-4}
   (You found it on level 14 of the Dungeon)

   Int:       It affects your intelligence (-4).
   rN:        It protects you from negative energy.
Jewellery
 e - the ring "Edegial" {rN+ Will- AC+4 Int+4}
   (You found it on level 6 of the Lair of Beasts)

   [ring of protection]

   AC:        It affects your AC (+4).
   Int:       It affects your intelligence (+4).
   rN:        It protects you from negative energy.
   Will:      It decreases your willpower.
 h - an amulet of regeneration (around neck)
 r - a ring of protection from fire
 w - a ring of willpower (right hand)
 y - a ring of poison resistance
 I - a ring of protection from cold
 K - a ring of protection from cold
 O - a ring of resist corrosion
 V - the ring of Muewk (left hand) {Will+ MP+9}
   (You found it on level 14 of the Dungeon)

   [ring of magical power]

   MP:        It affects your magic capacity (+9).
   Will:      It increases your willpower.
Wands
 q - a wand of polymorph (8)
 z - a wand of flame (65)
 E - a wand of acid (10)
 G - a wand of paralysis (6)
 J - a wand of mindburst (26)
 M - a wand of iceblast (43)
 U - a wand of digging (10)
Scrolls
 a - a scroll of holy word
 g - 4 scrolls of magic mapping
 l - 4 scrolls of fog
 s - 2 scrolls of vulnerability
 u - 4 scrolls of immolation
 A - 11 scrolls of teleportation
 F - 3 scrolls of enchant armour
 H - 2 scrolls of silence
 L - 2 scrolls of blinking
 R - 3 scrolls of fear
 Y - 5 scrolls of amnesia
Potions
 b - 10 potions of curing
 c - 5 potions of lignification
 d - 5 potions of might
 i - a potion of heal wounds
 j - 2 potions of magic
 k - 8 potions of haste
 p - 2 potions of ambrosia
 t - 2 potions of mutation
 v - 2 potions of resistance
 C - a potion of attraction
 Q - 3 potions of flight
 S - a potion of cancellation
 W - 3 potions of brilliance


   Skills:
 + Level 19.1 Fighting
 - Level 16.3(18.0) Axes
 - Level 13.4(16.6) Maces & Flails
 + Level 19.6 Armour
 + Level 9.5 Dodging
 + Level 17.7 Shields
 + Level 10.0 Invocations


You had 17 spell levels left.
You didn't know any spells.
Your spell library contained the following spells:

 Spells                   Type           Power      Damage    Failure   Level
 Animate Skeleton         Necr           0%         N/A       100%        1
 Apportation              Tloc           0%         N/A       100%        1
 Corona                   Hex            0%         N/A       100%        1
 Magic Dart               Conj           0%         1d3       100%        1
 Sandblast                Erth           0%         2d4       100%        1
 Summon Small Mammal      Summ           0%         N/A       100%        1
 Blink                    Tloc           N/A        N/A       100%        2
 Call Imp                 Summ           0%         N/A       100%        2
 Passwall                 Tmut/Erth      0%         N/A       100%        2
 Sublimation of Blood     Necr           0%         N/A       100%        2
 Wereblood                Tmut           0%         N/A       100%        2
 Confusing Touch          Hex            0%         N/A       100%        3
 Dazzling Flash           Conj/Hex       0%         N/A       100%        3
 Frozen Ramparts          Ice            0%         1d2       100%        3
 Gell's Gravitas          Tloc           0%         N/A       100%        3
 Inner Flame              Hex/Fire       0%         N/A       100%        3
 Lesser Beckoning         Tloc           0%         N/A       100%        3
 Mephitic Cloud           Conj/Pois/Air  0%         N/A       100%        3
 Ozocubu's Armour         Ice            0%         N/A       100%        3
 Teleport Other           Tloc           0%         N/A       100%        3
 Cause Fear               Hex            0%         N/A       100%        4
 Hailstorm                Conj/Ice       0%         3d3       100%        4
 Ice Form                 Ice/Tmut       0%         N/A       100%        4
 Summon Ice Beast         Ice/Summ       0%         N/A       100%        4
 Fireball                 Conj/Fire      0%         3d3       100%        5
 Iskenderun's Battlesphe  Conj           0%         2d6       100%        5
 Lee's Rapid Deconstruct  Erth           0%         3d5*      100%        5
 Manifold Assault         Tloc           0%         N/A       100%        5
 Metabolic Englaciation   Hex/Ice        0%         N/A       100%        5
 Summon Mana Viper        Hex/Summ       0%         N/A       100%        5
 Conjure Ball Lightning   Conj/Air       0%         3x3d6     100%        6
 Dispersal                Tloc           0%         N/A       100%        6
 Simulacrum               Ice/Necr       0%         N/A       100%        6
 Orb of Destruction       Conj           0%         N/A       100%        7
 Ozocubu's Refrigeration  Ice            0%         4d5       100%        7
 Summon Hydra             Summ           0%         N/A       100%        7
 Discord                  Hex            0%         N/A       100%        8
 Chain Lightning          Conj/Air       0%         N/A       100%        9
 Fire Storm               Conj/Fire      0%         5d1       100%        9


Dungeon Overview and Level Annotations

Branches:
Dungeon (15/15)            Temple (0/1) D:4            Lair (6/6) D:11
 Shoals (0/4) Lair:2       Spider (4/4) Lair:2        Slime (0/5) Lair:5
    Orc (2/2) D:10            Elf (3/3) Orc:2        Vaults (0/5) D:13
 Depths (0/5) D:15          IceCv (visited)

Altars:
Ashenzari
Cheibriados
Dithmenos
Gozag
Kikubaaqudgha
Makhleb
Nemelex Xobeh
Okawaru
Qazlal
Sif Muna
Wu Jian
Xom
The Shining One
Beogh

Shops:
D:6 =   D:8 !*   D:9 :   D:12 ?   D:14 :*   Orc:1 *   Orc:2 ![?=   Elf:3 (*[

Portals:
Pandemonium: Orc:2
Trove: D:15 (give 7 scrolls of fog)

Annotations:
D:8 2 transporters, spindart's ghost, novice TeAE


Innate Abilities, Weirdness & Mutations

You have a pair of horns on your head.
You reflexively headbutt those who attack you in melee.
You are very frail. (-20% HP)
Your magical capacity is low. (-10% MP)
Your spells are a little harder to cast, but a little more powerful.


Message History

You slice the deep elf blademaster!!
You hear rumbling.
You block the deep elf blademaster's attack. x3
The deep elf blademaster hits you but does no damage.
You miss the deep elf blademaster.
Your headbutt misses the deep elf blademaster.
The deep elf blademaster is almost dead.
You miss the deep elf blademaster.
The deep elf blademaster hits you with a +0 quick blade!
The deep elf blademaster hits you with a +0 quick blade.
* * * LOW HITPOINT WARNING * * *
You block the deep elf blademaster's attack. x2
The deep elf blademaster hits you but does no damage. x2
You hit the deep elf blademaster.
You kill the deep elf blademaster!
You slash the deep elf blademaster!
You kill the deep elf blademaster!
Your Invocations skill increases to level 10!
What are your orders? t - Shout!
Orders for allies: a - Attack new target. r - Retreat! s - Stop attacking. g - Guard the area. f - Follow me.
Anything else - Cancel.
Gang up on whom?
Press: ? - help, Dir - move target, f - deep elf annihilator
Aim: a deep elf annihilator, wielding a +0 rapier (heavily wounded, haloed) Attack!
The deep elf annihilator mumbles some strange words.
The deep elf annihilator blinks!
Throw: 5 throwing nets
Press: ? - help, Q - select action, (/) - cycle Shift-Dir - straight line, f/p - deep elf annihilator
Aim: a deep elf annihilator, wielding a +0 rapier (moderately wounded, ally target, haloed, 72% to hit)
You throw a throwing net.
The throwing net barely misses the deep elf annihilator.
The deep elf master archer shoots an arrow.
Your daeva blocks the arrow.
The deep elf annihilator gestures at you while chanting.
The crystal spear hits you!!!
You die...

##'.......##.....#
.##+#######.........##...##
##......##...........##.##
#.......##........)..####
#.......##(..........#
#.......''...........#
#.......##...........#
#.......###..e......##
#.......# ##..@....##
######### ##.A)..## ###.###
#..# ##ยง# #e# #e# #.# #.#


You could see a deep elf master archer, a deep elf annihilator (ally target), a
deep elf death mage and a friendly daeva (summoned).

Vanquished Creatures
  Arachne (Spider:4)
  3 deep elf blademasters
  Asterion (Elf:2)
  Agnes (Spider:2)
  A fire giant (D:14)
  A frost giant (D:14)
  2 deep elf elementalists
  3 emperor scorpions (Spider:4)
  4 ghost moths
  Louise (Spider:2)
  The ghost of Uummannaq the Severer, a journeyman MiFi of Gozag (D:14)
  A very ugly thing (IceCv)
  A deep elf demonologist (Elf:1)
  6 entropy weavers
  2 spark wasps (Spider:2)
  An ettin (D:15)
  A great orb of eyes (D:14)
  A fire dragon (D:15)
  An ice dragon (D:15)
  3 boulder beetles
  Harold (D:8)
  2 caustic shrike simulacra (IceCv)
  2 rakshasas
  8 hydras
  Erolcha (D:9)
  3 ogre magi
  8 centaur warriors
  17 dancing weapons
  2 tengu warriors
  A deep troll earth mage (D:14)
  11 two-headed ogres
  8 orc high priests (Orc:2)
  13 deep elf knights
  Nergalle (D:11)
  7 skeletal warriors
  A gelid demonspawn (Orc:2)
  A torturous demonspawn (Orc:2)
  5 orc knights (Orc:2)
  2 obsidian statues (IceCv)
  A glowing orange brain (shapeshifter) (D:14)
  An infernal demonspawn (Orc:2)
  2 bog bodies (IceCv)
  7 deep elf archers
  Pikel (D:8)
  2 harpies (D:14)
  20 orb spiders
  19 deep elf zephyrmancers
  23 wolf spiders
  22 deep elf pyromancers
  2 oklob plants
  22 ugly things
  6 orc sorcerers
  4 manticores
  7 cyclopes
  A merfolk siren (Lair:2)
  2 moths of wrath
  9 elephants
  4 black mambas
  A smoke demon (Orc:2)
  3 gargoyles
  3 torpor snails
  15 cane toads
  Psyche (D:8)
  8 rime drakes
  An unseen horror (D:12)
  2 ice statues (Spider:1)
  A kobold demonologist (D:10)
  16 demonic crawlers
  6 freezing wraiths
  2 hellwings (Orc:2)
  8 komodo dragons
  2 golden dragon simulacra (IceCv)
  A tengu conjurer (D:14)
  A red devil (Orc:2)
  An ice devil (IceCv)
  31 jumping spiders
  7 trolls
  A merfolk (D:13)
  5 polar bears (Lair:6)
  16 blink frogs
  10 hornets
  11 slime creatures
  2 dream sheep (Lair:6)
  2 air elementals
  Sigmund (D:3)
  2 shadows
  2 vampires
  15 spriggans
  84 redbacks
  12 wyverns
  4 water elementals
  4 fire elementals
  58 yaks
  39 tarantellas
  3 wraiths
  4 basilisks
  2 neqoxecs (Orc:2)
  2 minotaur simulacra (IceCv)
  Grum (D:7)
  2 vampire mosquitoes (D:12)
  2 steam dragons
  5 hydra simulacra (IceCv)
  6 acid dragons
  4 wargs
  3 hell hounds
  17 water moccasins
  28 orc warriors
  An alligator simulacrum (IceCv)
  A hornet zombie (D:8)
  10 ice beasts
  7 necrophages
  7 black bears
  An ettin simulacrum (IceCv)
  26 wolves
  7 ogres
  4 boggarts
  13 centaurs
  3 lemures (D:8)
  A phantom (D:5)
  15 bullfrogs
  A deep troll simulacrum (IceCv)
  3 gnoll sergeants
  2 scorpions (D:6)
  2 earth elementals
  A water moccasin zombie (D:5)
  8 killer bees (D:9)
  2 howler monkeys
  11 electric eels
  3 centaur zombies
  A bullfrog zombie (D:5)
  3 jellies
  2 hounds
  A gnoll shaman (Orc:1)
  21 orc priests
  An iron imp (D:9)
  Ijyb (D:3)
  Terence (D:3)
  15 orc wizards
  8 hell rats
  A hound zombie (D:5)
  A hound skeleton (D:3)
  A mummy (D:7)
  Robin (D:3)
  27 gnolls
  5 adders
  2 white imps
  An ufetubus (D:6)
  A worm (D:2)
  2 adder skeletons
  A dart slug (D:1)
  56 orcs
  2 ball pythons (D:1)
  3 endoplasms
  2 giant cockroaches
  17 goblins
  7 hobgoblins
  14 jackals (D:1)
  3 kobolds
  3 bats
  2 frilled lizards
  A hobgoblin zombie (D:7)
  A kobold zombie (D:7)
  2 orc zombies (D:7)
  2 rats
1083 creatures vanquished.

Vanquished Creatures (collateral kills)
  2 Ice Fiends (IceCv)
  An acid blob (Spider:2)
  Azrael (Elf:1)
  A deep elf annihilator (Elf:3)
  8 dancing weapons (Elf:2)
  2 deep elf knights (Elf:2)
  3 deep elf archers
  3 deep elf pyromancers
  3 deep elf zephyrmancers
  A jumping spider (Spider:4)
  A fire elemental (Elf:1)
  An acid dragon (Spider:2)
  A hell hound (Elf:1)
28 creatures vanquished.

Vanquished Creatures (others)
  A human (D:3)
  A bush (Lair:1)
  74 fungi
  71 plants
147 creatures vanquished.

Grand Total: 1258 creatures vanquished

Notes
Turn   | Place    | Note
-------+----------+-------------------------------------------
     0 | D:1      | alexhoolio the Minotaur Fighter began the quest for the
                  | Orb.
     0 | D:1      | Reached XP level 1. HP: 19/19 MP: 0/0
   134 | D:1      | Reached XP level 2. HP: 27/27 MP: 1/1
   498 | D:1      | Found a faded altar of an unknown god.
   665 | D:1      | Reached XP level 3. HP: 33/33 MP: 2/2
  1306 | D:3      | Found an opulent altar of Gozag.
  1341 | D:3      | Noticed Robin
  1428 | D:3      | Reached XP level 4. HP: 26/40 MP: 3/3
  1434 | D:3      | Killed Robin
  1466 | D:3      | Noticed Ijyb
  1472 | D:3      | Found a glowing golden altar of the Shining One.
  1489 | D:3      | Killed Ijyb
  1492 | D:3      | Noticed Sigmund
  1509 | D:3      | Became a worshipper of the Shining One
  1552 | D:3      | Found a broken altar of Ashenzari.
  1582 | D:3      | Killed Sigmund
  1583 | D:3      | Reached skill level 5 in Axes
  1583 | D:3      | Reached XP level 5. HP: 40/47 MP: 4/4
  1748 | D:3      | Reached XP level 6. HP: 55/55 MP: 5/5
  1849 | D:3      | Noticed Terence
  1855 | D:3      | Killed Terence
  2059 | D:3      | Found an ancient bone altar of Kikubaaqudgha.
  2064 | D:3      | Noticed a human
  2066 | D:3      | Killed a human
  2400 | D:4      | Reached skill level 5 in Armour
  2438 | D:4      | Found an iron altar of Okawaru.
  2467 | D:4      | Reached skill level 5 in Fighting
  2467 | D:4      | Reached skill level 5 in Shields
  3016 | D:4      | Found a staircase to the Ecumenical Temple.
  3061 | D:5      | Entered Level 5 of the Dungeon
  3106 | D:5      | Reached XP level 7. HP: 48/61 MP: 6/6
  3158 | D:5      | Found the +6 shillelagh "Devastator" {shatter}
  3167 | D:5      | Found a shimmering blue altar of Sif Muna.
  3216 | D:5      | Reached skill level 1 in Maces & Flails
  3288 | D:5      | Reached * piety under the Shining One
  3376 | D:5      | Identified the +4 spear "Beetlebane" {vorpal, +Blink rC+
                  | Dex-5}
  3402 | D:5      | Found a sparkling altar of Nemelex Xobeh.
  3599 | D:5      | Reached XP level 8. HP: 58/70 MP: 7/7
  3716 | D:6      | Identified the +2 hand axe "Hellblazer" {protect, *Rage
                  | +Rage SInv Stlth+}
  3785 | D:6      | Noticed a troll
  3799 | D:6      | Reached skill level 5 in Maces & Flails
  3802 | D:6      | Killed a troll
  4149 | D:6      | Found Ojou's Jewellery Shop.
  4191 | D:7      | Found a burning altar of Makhleb.
  4456 | D:7      | Reached ** piety under the Shining One
  4466 | D:7      | Reached XP level 9. HP: 77/79 MP: 8/8
  4577 | D:7      | Found an ornate altar of the Wu Jian Council.
  4889 | D:8      | Noticed Pikel
  4896 | D:8      | Killed Pikel
  4909 | D:8      | Noticed Grum
  4919 | D:7      | Killed Grum
  4995 | D:8      | Reached XP level 10. HP: 89/90 MP: 9/9
  5047 | D:8      | Noticed a deep elf pyromancer
  5053 | D:8      | Killed a deep elf pyromancer
  5205 | D:8      | Noticed Psyche
  5206 | D:8      | Noticed a two-headed ogre
  5208 | D:8      | Killed Psyche
  5210 | D:8      | Noticed a two-headed ogre
  5216 | D:8      | Killed a two-headed ogre
  5217 | D:8      | Reached skill level 10 in Maces & Flails
  5219 | D:8      | Killed a two-headed ogre
  5252 | D:8      | Noticed Harold
  5261 | D:8      | Killed Harold
  5270 | D:8      | Found a transporter.
  5274 | D:8      | Found a transporter.
  5275 | D:8      | Found Qoosiqus's General Store.
  5275 | D:8      | Noticed spindart's ghost (novice TeAE)
  5423 | D:8      | Bought 2 potions of might for 128 gold pieces
  5501 | D:8      | Found Vecy Axt's Distillery.
  5504 | D:8      | Bought a potion of might for 44 gold pieces
  5504 | D:8      | Bought a potion of curing for 33 gold pieces
  5504 | D:8      | Bought 2 potions of berserk rage for 110 gold pieces
  5556 | D:9      | Noticed Erolcha
  5566 | D:9      | Killed Erolcha
  5567 | D:9      | Reached XP level 11. HP: 81/99 MP: 10/10
  5637 | D:9      | Noticed a two-headed ogre
  5637 | D:9      | Reached *** piety under the Shining One
  5649 | D:9      | Killed a two-headed ogre
  5650 | D:9      | Reached skill level 10 in Fighting
  5650 | D:9      | Reached skill level 10 in Armour
  5650 | D:9      | Reached skill level 10 in Shields
  5670 | D:9      | Found a shadowy altar of Dithmenos.
  5737 | D:9      | Noticed a two-headed ogre
  5754 | D:9      | Killed a two-headed ogre
  6154 | D:9      | Found a snail-covered altar of Cheibriados.
  6290 | D:9      | Found Goar's Book Shoppe.
  6384 | D:9      | Found a shimmering altar of Xom.
  6501 | D:10     | Entered Level 10 of the Dungeon
  6541 | D:10     | Found a staircase to the Orcish Mines.
  6575 | D:10     | Found a stormy altar of Qazlal.
  7174 | D:11     | Noticed a purple ugly thing
  7183 | D:11     | Killed a purple ugly thing
  7256 | D:11     | Noticed Nergalle
  7256 | D:11     | Reached **** piety under the Shining One
  7277 | D:11     | Killed Nergalle
  7278 | D:11     | Reached XP level 12. HP: 109/110 MP: 11/11
  7303 | D:11     | Reached skill level 1 in Invocations
  7528 | D:11     | Found a staircase to the Lair.
  7652 | Orc:1    | Entered Level 1 of the Orcish Mines
  7776 | Orc:1    | You fall into a shaft and drop 1 floor!
  7776 | Orc:2    | Entered Level 2 of the Orcish Mines
  7826 | Orc:2    | Paralysed by an orc sorcerer for 2 turns
  8011 | Orc:2    | Found a staircase to the Elven Halls.
  8107 | Orc:2    | Found Yteuzagu's Magic Scroll Shoppe.
  8127 | Orc:2    | Reached skill level 1 in Dodging
  8130 | Orc:2    | Found Viunarr's Distillery.
  8389 | Orc:1    | Reached ***** piety under the Shining One
  8498 | Orc:1    | Found Juakhlaoci's General Store.
  8758 | Orc:2    | Gained mutation: Your spells are a little harder to cast,
                  | but a little more powerful. [a neqoxec]
  8766 | Orc:2    | Gained mutation: Your magical capacity is low. (-10% MP) [a
                  | neqoxec]
  8782 | Orc:2    | Noticed an orc high priest
  8787 | Orc:2    | Noticed an orc high priest
  8797 | Orc:2    | Killed an orc high priest
  8799 | Orc:2    | Killed an orc high priest
  8804 | Orc:2    | Noticed an orc high priest
  8815 | Orc:2    | Noticed an orc high priest
  8820 | Orc:2    | Killed an orc high priest
  8826 | Orc:2    | Reached XP level 13. HP: 113/119 MP: 13/13
  8930 | Orc:2    | Bought a scroll of identify for 26 gold pieces
  9217 | Orc:2    | Reached skill level 5 in Invocations
  9217 | Orc:2    | Found Ari Weid's Jewellery Boutique.
  9217 | Orc:2    | Found Vebefee's Antique Armour Shop.
  9226 | Orc:2    | Found a one-way gate leading to the halls of Pandemonium.
  9325 | Orc:2    | Bought 3 potions of curing for 153 gold pieces
  9325 | Orc:2    | Bought a potion of might for 68 gold pieces
  9325 | Orc:2    | Bought a potion of heal wounds for 85 gold pieces
  9325 | Orc:2    | Bought a potion of might for 68 gold pieces
  9325 | Orc:2    | Bought a potion of flight for 51 gold pieces
  9325 | Orc:2    | Bought a potion of curing for 51 gold pieces
  9327 | Orc:2    | Bought a scroll of enchant weapon for 97 gold pieces
  9327 | Orc:2    | Bought a scroll of blinking for 97 gold pieces
  9327 | Orc:2    | Bought a scroll of enchant weapon for 97 gold pieces
  9327 | Orc:2    | Bought a scroll of fog for 26 gold pieces
  9440 | Lair:1   | Entered Level 1 of the Lair of Beasts
  9614 | Lair:1   | Reached skill level 5 in Dodging
 10446 | Lair:2   | Found a hole to the Spider Nest.
 10578 | Lair:2   | Found a staircase to the Shoals.
 10625 | Lair:2   | You fall into a shaft and drop 2 floors!
 10700 | Lair:4   | Got the Almanac of Freezing Enchantment
 10760 | Lair:4   | Reached ****** piety under the Shining One
 10847 | Lair:4   | Reached XP level 14. HP: 133/133 MP: 15/15
 11713 | Lair:5   | Identified the +2 long sword "Purei" {vorpal, rCorr}
 11976 | Lair:5   | Reached skill level 15 in Fighting
 12283 | Lair:5   | Found a staircase to the Slime Pits.
 12284 | Lair:5   | Identified the +0 pair of boots "Pasyfec" {Harm}
 12393 | Lair:6   | Entered Level 6 of the Lair of Beasts
 13072 | Lair:6   | Identified the ring "Edegial" {rN+ Will- AC+4 Int+4}
 13932 | Lair:3   | Identified a scroll of acquirement
 13933 | Lair:3   | Acquired a manual of Armour
 14007 | Lair:3   | Reached XP level 15. HP: 143/143 MP: 17/17
 14756 | D:12     | Found Xusyelua's Magic Scroll Shop.
 14796 | D:12     | Bought a scroll of identify for 34 gold pieces
 14958 | D:12     | Identified a +2 broad axe of holy wrath (a +0 broad axe
                  | blessed by the Shining One)
 14958 | D:12     | Received a gift from the Shining One
 15019 | D:12     | Found a burning altar of Makhleb.
 15396 | D:13     | Found a gate to the Vaults.
 16052 | D:14     | Found a runed translucent gate.
 16052 | D:14     | Found a runed translucent gate.
 16072 | D:14     | Found an opulent altar of Gozag.
 16073 | D:14     | Found a runed translucent gate.
 16074 | D:14     | Noticed Uummannaq's ghost (journeyman MiFi)
 16074 | D:14     | Noticed a fire giant
 16075 | D:14     | Found Faingeq's Assorted Antiques.
 16111 | D:14     | Found a runed translucent door.
 16113 | D:14     | Found the +10 tower shield of Ignorance {rN+ Int-4}
 16197 | D:14     | Identified the +9 trident "Coaxzyvu" {holy, Will+}
 16202 | D:14     | Identified the +7 spear of Tatoyrr {vamp, rN+ Int-5 Dex+3}
 16297 | D:14     | Reached skill level 15 in Armour
 16485 | D:14     | Found Cegadgh's Book Shoppe.
 17011 | D:14     | Killed a fire giant
 17019 | D:14     | Killed Uummannaq's ghost
 17092 | D:14     | Bought a scroll labelled DUEJUO WEOP for 30 gold pieces
 17092 | D:14     | Bought a scroll labelled SOETSE LYD GEU for 30 gold pieces
 17097 | D:14     | Bought a scroll of identify for 60 gold pieces
 17097 | D:14     | Bought a scroll of identify for 60 gold pieces
 17143 | D:14     | Reached skill level 10 in Axes
 17166 | D:14     | Identified the ring of Muewk {Will+ MP+9}
 17201 | D:15     | Entered Level 15 of the Dungeon
 17274 | D:15     | Found a portal to a secret trove of treasure.
 17370 | D:15     | Reached XP level 16. HP: 152/152 MP: 19/19
 17566 | D:15     | Reached skill level 15 in Shields
 17906 | D:15     | Found a staircase to the Depths.
 18342 | Spider:1 | Entered Level 1 of the Spider Nest
 18489 | Orc:2    | Bought a fine plate armour for 896 gold pieces
 18489 | Orc:2    | Identified the +0 plate armour of the Teacher {Rampage
                  | Int+5} (You bought it in a shop on level 2 of the Orcish
                  | Mines)
 18530 | Orc:2    | Bought a scroll of holy word for 97 gold pieces
 18688 | Spider:1 | Found a frozen archway.
 18695 | IceCv    | Entered an ice cave
 18939 | IceCv    | Noticed an Ice Fiend
 18939 | IceCv    | Noticed an Ice Fiend
 18949 | IceCv    | Killed an Ice Fiend
 18954 | IceCv    | Killed an Ice Fiend
 18964 | IceCv    | Got Mimm's Compendium of Cold
 19281 | Spider:1 | Identified the +11 war axe "Paukaiho" {venom, rN+ Dex+3}
 19894 | Spider:2 | Noticed Louise
 19928 | Spider:2 | Killed Louise
 20182 | Spider:2 | Reached XP level 17. HP: 151/162 MP: 20/20
 20235 | Spider:2 | Noticed Agnes
 20247 | Spider:2 | Killed Agnes
 20403 | Spider:2 | Gained mutation: You are frail. (-10% HP) [mutagenic glow]
 20422 | Spider:2 | Gained mutation: You are very frail. (-20% HP) [mutagenic
                  | glow]
 20774 | Spider:2 | Noticed an acid blob
 20786 | Spider:2 | Killed an acid blob
 21777 | Spider:4 | Entered Level 4 of the Spider Nest
 21818 | Spider:4 | Reached skill level 15 in Axes
 22098 | Spider:4 | Noticed Arachne
 22115 | Spider:4 | Killed Arachne
 22866 | Spider:4 | Got a gossamer rune of Zot
 23123 | Elf:1    | Entered Level 1 of the Elven Halls
 23139 | Elf:1    | Reached XP level 18. HP: 99/138 MP: 21/21
 23236 | Elf:1    | Noticed a Tzitzimitl
 23530 | Elf:1    | Got the Catalogue of Slavery
 23682 | Elf:1    | Noticed Azrael
 23688 | Elf:1    | Killed Azrael
 24161 | Elf:1    | Identified the +0 leather armour of Leaves {Dex+4 Slay-6
                  | SInv}
 24502 | Elf:2    | Paralysed by an air elemental for 1 turns
 24507 | Elf:1    | Paralysed by an air elemental for 1 turns
 24749 | Elf:2    | Found a shimmering blue altar of Sif Muna.
 24749 | Elf:2    | Paralysed by an air elemental for 1 turns
 24755 | Elf:2    | Paralysed by an air elemental for 1 turns
 24758 | Elf:2    | Paralysed by an air elemental for 1 turns
 24774 | Elf:2    | Paralysed by an air elemental for 1 turns
 24778 | Elf:2    | Paralysed by an air elemental for 1 turns
 24783 | Elf:2    | Paralysed by an air elemental for 1 turns
 24916 | Elf:2    | Found a runed translucent gate.
 24916 | Elf:2    | Found a runed translucent gate.
 24916 | Elf:2    | Found a runed translucent gate.
 25134 | Elf:2    | Noticed Asterion
 25142 | Elf:2    | Killed Asterion
 25518 | Elf:3    | Entered Level 3 of the Elven Halls
 25538 | Elf:3    | Found Terrosic's Antique Armour Emporium.
 25601 | Elf:3    | Found Iskyczij's Antique Weapon Emporium.
 25612 | Elf:3    | Found Sovuz's General Store.
 25823 | Elf:3    | Reached skill level 10 in Invocations
 25824 | Elf:3    | Killed from afar by a deep elf annihilator

Illustrated notes

Levels and vault maps discovered:
D:1:      matt_arrival_debris, layout_loops_ring,
          shapermc_ecumenical_altar_flowoftime, chequers_mini_garden,
          corner_web_ring
D:2:      layout_rooms
D:3:      kennysheep_six_static_rooms, layout_basic, tgw_kikubaaqudgha,
          ashenzari_conservatory_becter, mainiacjoe_overflow_small_starburst,
          nicolae_gozag_seed_capital, chequers_avenue, uniq_ijyb, uniq_terence,
          uniq_sigmund, uniq_robin
D:4:      layout_cave_pods, okawaru_gym_becter, minmay_temple_entry_overgrown
D:5:      layout_rooms, marbit_many_paths, nemelex_dance_club_becter
D:6:      layout_basic, minmay_shop_enchanted_jewellery
D:7:      layout_loops_cross, lightli_temple_of_fire,
          mainiacjoe_overflow_six_doors_small, minmay_mini_ossuary
D:8:      layout_cave_pools, serial_shops, nicolae_diamond_shop,
          kennysheep_mini, gammafunk_ghost_hive, minmay_diced_spiral, uniq_grum,
          uniq_pikel, uniq_psyche, uniq_harold
D:9:      layout_basic, mainiacjoe_overflow_alcove_1, slow_altar_2,
          nicolae_dithmenos_shadow_blocks, serial_shops,
          nicolae_shop_statue_plus, uniq_erolcha
D:10:     layout_loops_ring, nicolae_qazlal_scattered_showers, orc_0_dummy
D:11:     minmay_twisted_water, layout_long_grid, due_lair_maze_entry_diamond,
          uniq_nergalle
D:12:     layout_rooms, serial_shops, nicolae_stop_n_shop_2,
          small_statue_intersection, grunt_ministairs_2,
          minmay_misc_feat_columns, makhleb_altar_promises_db
D:13:     layout_stronghold, erik_vaults_1, hangedman_fish_farm
D:14:     layout_stronghold, chequers_serial_rivers_small_a, serial_shops,
          nicolae_shop_crystal, ebering_ghost_gozag, minmay_st_funbox,
          lemuel_flamethrower_1
D:15:     grunt_enter_depths_hoard, layout_loops_ring,
          nicolae_trove_entry_isolated, hangedman_decor_lopped, minivault_25_ag,
          glass_columns_a
Lair:1:   layout_regular_city, serial_bayou_shore_b
Lair:2:   layout_loops_ring, elwin_shoals_entry_rooms,
          spider_nest_entry_funnel_web, grunt_forest_small_clearing_treed,
          serial_bayou_shore_b, infiniplex_staircase_pool_2
Lair:3:   layout_hall_layers, columned_hall_lemuel
Lair:4:   layout_cave_pods, nicolae_quartered_pool_medium,
          chequers_serial_rivers_micro_a, roderic_carrion_pond,
          lemuel_fruit_fields
Lair:5:   layout_gridlike, dpeg_slime_entry_corner, special_room
          [special_room_mythical_zoo]
Lair:6:   minmay_lair_end_enchanted_forest, layout_gridlike,
          gammafunk_lair_bear_cave, serial_bayou_shore_a, lemuel_fruit_fields
Spider:1: layout_spider_delve, portal_ice_cave_entry_ice_statue_two
Spider:2: layout_spider_delve, nicolae_spider_acid_house, uniq_louise,
          uniq_agnes
Spider:3: layout_spider_delve
Spider:4: spider_rune_water, hangedman_spider_mandibles, uniq_arachne
Orc:1:    layout_diamond_mine, serial_shops, nicolae_shop_window_shopping,
          basic_altar
Orc:2:    pf_orc_diabolical, layout_caves
Elf:1:    minmay_elf_arrival_plus, layout_onion_city, minmay_elf_demonology,
          uniq_azrael
Elf:2:    elven_hall_of_blades_hangedman_original
          [nicolae_blade_entry_hurt_lockers], layout_geoelf_grid, basic_altar,
          uniq_asterion
Elf:3:    minmay_elf_hall, layout_geoelf_octagon, serial_shops,
          nicolae_shop_waterfront, shop, nicolae_shop_crystal, shop

Skill      XL: |  1  2  3  4  5  6  7  8  9 10 11 12 13 14 15 16 17 18 |
---------------+-------------------------------------------------------+-----
Axes           | 3 5 6 10 13 15 16 | 16.3
Shields        | 4 5 6 7 8 9 11 12 13 14 15 16 17 | 17.7
Fighting       | 4 5 6 7 8 9 11 12 14 15 16 17 18 19 | 19.1
Armour         | 4 5 6 7 8 9 11 12 13 14 15 17 18 19 | 19.6
Maces & Flails | 3 6 9 11 13 | 13.4
Invocations    | 4 6 7 9 10 | 10.0
Dodging        | 3 5 7 8 9 |  9.5

Action                   |  1- 3 |  4- 6 |  7- 9 | 10-12 | 13-15 | 16-18 || total
-------------------------+-------+-------+-------+-------+-------+-------++-------
Melee: War axe           |   102 |    84 |     4 |       |       |       ||   190
       Headbutt          |    13 |    13 |    14 |    62 |   172 |   231 ||   505
       Shillelagh        |       |       |    88 |   348 |   676 |   402 ||  1514
       Broad axe         |       |       |       |       |   159 |   702 ||   861
Throw: Throwing net      |       |       |       |     3 |     1 |     3 ||     7
Invok: Divine Shield     |       |       |       |     1 |       |    12 ||    13
       Brand Weapon With |       |       |       |       |     1 |       ||     1
       Summon Divine War |       |       |       |       |       |     9 ||     9
Evoke: Wand              |       |     1 |       |    12 |     6 |       ||    19
  Use: Potion            |       |     1 |     1 |     1 |     3 |    20 ||    26
       Scroll            |       |       |       |       |    25 |     4 ||    29
Armor: Chain mail        |    66 |    46 |    42 |    40 |       |       ||   194
       Plate armour      |       |       |       |    30 |   291 |   368 ||   689
       Fire dragon scale |       |       |       |       |       |     1 ||     1
Dodge: Dodged            |    25 |     9 |    16 |    34 |   189 |   190 ||   463
Block: Kite shield       |    63 |    42 |    19 |   159 |   521 |       ||   804
       Tower shield      |       |       |    44 |    14 |    20 |  1575 ||  1653
